 Dungeon Crawl Stone Soup version bcrawl-1.27.6 (webtiles) character file.

Game seed: 14684761769373875351

132889 Faustar the Magician (level 5, -2/31 HPs)
             Began as an Octopode Wizard on Oct 4, 2020.
             Slain by Purgy (3 damage)
             ... on level 3 of the Dungeon.
             The game lasted 00:05:09 (2425 turns).

Faustar the Magician (Octopode Wizard)              Turns: 2425, Time: 00:05:10

Health: -2/31      AC:  1    Str:  6    XL:     5   Next: 12%
Magic:  5/11       EV: 13    Int: 22    God:
Gold:   217        SH:  0    Dex: 10    Spells: 6/12 levels left

rFire    + . .     SeeInvis .   k - +2 hand axe (elec)
rCold    x . .     Gourm    .   (no shield)
rNeg     . . .     Faith    .   b - +0 hat
rPois    .         Spirit   .   (cloak restricted)
rElec    .         Reflect  .   (no amulet)
rCorr    .         Harm     .   j - ring of fire (curse)
MR       +....                  l - ring "Isoet" {MR+ Stlth--} (curse)
Stlth    +.........             (no ring)
HPRegen  0.10/turn              (no ring)
MPRegen  0.12/turn              (no ring)
                                (no ring)
                                (no ring)
                                (no ring)

@: no status effects
A: almost no armour, stealthy swim, amphibious, 8 rings, constrict 8, camouflage
1, gelatinous body 1
a: no special abilities


You were on level 3 of the Dungeon.
You were hungry.

You visited 1 branch of the dungeon, and saw 3 of its levels.

You collected 217 gold pieces.

Inventory:

Hand Weapons
 a - a +0 staff
 k - a +2 hand axe of electrocution (weapon)
Armour
 b - a +0 hat (worn)
Jewellery
 j - a cursed ring of fire (left tentacle)
 l - the cursed ring "Isoet" (right tentacle) {MR+ Stlth--}
   (You took it off a kobold on level 1 of the Dungeon)

   [ring of attention]

   It affects your resistance to hostile enchantments.
   It makes you much less stealthy.
   It has a curse placed upon it.
 s - an uncursed ring of positive energy {unknown}
Wands
 o - a wand of enslavement (3)
 r - a wand of scattershot (4)
 u - a wand of iceblast (4)
Scrolls
 f - a scroll of amnesia {unknown}
 m - 2 scrolls of teleportation {unknown}
 n - a scroll of fear {unknown}
 t - a scroll of magic mapping {unknown}
Potions
 c - 2 potions of haste {unknown}
 d - a potion of brilliance
 g - 3 potions of agility {unknown}
 h - a potion of lignification {unknown}
 i - a potion of curing {unknown}
 p - a potion of flight {unknown}
 q - a potion of invisibility {unknown}
Comestibles
 e - 6 rations {!d}


   Skills:
 - Level 2.0 Dodging
 - Level 3.0 Stealth
 + Level 4.2 Spellcasting
 + Level 3.3 Conjurations
 - Level 1.0 Summonings
   Level 1.0 Translocations
 + Level 0.1 Fire Magic


You had 6 spell levels left.
You knew the following spells:

 Your Spells              Type           Power        Failure   Level  Hunger
a - Magic Dart            Conj           ###.         2%          1    None
b - Call Imp              Summ           #.....       11%         2    None
c - Conjure Flame         Conj/Fire      ###.....     16%         3    ###....

Your spell library contained the following spells:

 Spells                   Type           Power        Failure   Level  Hunger
 Blink                    Tloc           N/A          11%         2    None
 Mephitic Cloud           Conj/Pois/Air  #.......     21%         3    ###....
 Spider Form              Tmut/Pois      #..          32%         3    ###....


Dungeon Overview and Level Annotations

Branches:
Dungeon (3/12)

Altars:
Gozag
Uskayaw

Annotations:
D:3 Purgy


Innate Abilities, Weirdness & Mutations

You cannot wear most types of armour.
You are very stealthy in the water. (Stealth+)
You are amphibious.
You can wear up to eight rings at the same time.
You can use your tentacles to constrict eight enemies at once.
Your skin changes colour to match your surroundings (Stealth+).
Your rubbery body absorbs attacks. (AC +1, EV +1)


Message History

Your crimson imp hits Purgy.
Your crimson imp closely misses Purgy.
Purgy barely misses you. Purgy claws you. Purgy misses you.
Your crimson imp completely misses Purgy.
You hit Purgy.
Purgy is severely wounded.
Your crimson imp completely misses Purgy.
Purgy bites you but does no damage. Purgy claws you. Purgy closely misses you.
Your crimson imp blinks!
Your crimson imp completely misses Purgy.
You closely miss Purgy.
Purgy is severely wounded.
Purgy bites you.
* * * LOW HITPOINT WARNING * * *
Purgy closely misses you. x2; Your crimson imp closely misses Purgy.
Purgy bites you.
* * * LOW HITPOINT WARNING * * *
Purgy claws you.
* * * LOW HITPOINT WARNING * * *
Purgy claws you.
You die...

#..[......########.......#
#.........# ##......# .
#.........# #......##.
#.........# #......##.
#.........# #......##.
#.........# #......##.
#.......(.##########.######.
#.................##..#####.
#..>##.....@.5....###.......
#... #......T§....#....####.
#... #......5.....#.##.# #.
#. #..........###.#### #(
#..........#.... ##.
#..........#.#.###.....
#..........#.._..#.....
#....%.....###.#.#.....
#.....#.....


You could see Purgy and 2 friendly crimson imps.

Vanquished Creatures
  A worker ant (D:3)
  3 gnolls (D:2)
  2 adders (D:3)
  2 worms (D:2)
  3 dart slugs
  A leopard gecko (D:2)
  An orc (D:2)
  2 bats (D:2)
  A giant cockroach (D:2)
  5 goblins
  7 hobgoblins
  A jackal (D:1)
  10 kobolds
  5 frilled lizards
  8 rats
52 creatures vanquished.

Vanquished Creatures (collateral kills)
  A hobgoblin (D:2)
1 creature vanquished.

Grand Total: 53 creatures vanquished

Notes
Turn   | Place    | Note
-------+----------+-------------------------------------------
     0 | D:1      | Faustar the Octopode Wizard began the quest for the Orb.
     0 | D:1      | Reached XP level 1. HP: 11/11 MP: 4/4
   260 | D:1      | Reached XP level 2. HP: 17/17 MP: 1/6
   439 | D:1      | Learned a level 2 spell: Call Imp
   491 | D:1      | Identified the cursed ring "Isoet" {MR+ Stlth--}
   883 | D:2      | Found a hide-covered altar of Uskayaw.
   884 | D:2      | Reached XP level 3. HP: 21/21 MP: 5/7
  1503 | D:2      | Reached XP level 4. HP: 27/27 MP: 5/9
  1812 | D:3      | Reached skill level 4 in Spellcasting
  1882 | D:3      | Learned a level 3 spell: Conjure Flame
  2237 | D:3      | Found an opulent altar of Gozag.
  2247 | D:3      | Reached XP level 5. HP: 29/31 MP: 11/11
  2415 | D:3      | Noticed Purgy
  2425 | D:3      | HP: 1/31 [Purgy (1)]
  2425 | D:3      | Slain by Purgy

Skill      XL: |  1  2  3  4 |
---------------+-------------+-----
Conjurations   | 2 3 |  3.3
Spellcasting   | 4 |  4.2
Dodging        | |  2.0
Stealth        | |  3.0
Summonings     | |  1.0
Translocations | |  1.0
Fire Magic     | |  0.1

Action                   |  1- 3 |  4- 6 || total
-------------------------+-------+-------++-------
Melee: Staff             |     6 |       ||     6
       Constrict         |    15 |     2 ||    17
       Tentacles         |     6 |     6 ||    12
       Hand axe          |    29 |    33 ||    62
 Cast: Magic Dart        |    49 |    22 ||    71
       Call Imp          |     4 |     4 ||     8
 Stab: Sleeping          |     3 |       ||     3
  Eat: Chunk             |     4 |     3 ||     7
Armor: Skin              |     8 |     1 ||     9
Dodge: Dodged            |    22 |    28 ||    50
